 Dungeon Crawl Stone Soup version 0.30-a0-122-g2a1322497e (webtiles) character file.

Game seed: 7831620273669112934

788 SensoryNuts the Poker (level 7, -3/54 HPs)
             Began as a Demonspawn Fighter on Sept 16, 2022.
             Slain by a gnoll sergeant
             ... wielding a +1 spear of flaming
              (5 damage)
             ... on level 6 of the Dungeon.
             The game lasted 00:05:52 (5695 turns).

SensoryNuts the Poker (Demonspawn Fighter)          Turns: 5695, Time: 00:05:53

Health: -3/54      AC: 15    Str: 18    XL:     7   Next: 56%
Magic:  7/7        EV:  5    Int:  9    God:
Gold:   272        SH:  4    Dex: 13    Spells: 6/6 levels left

rFire   . . .      SeeInvis .    a - +0 trident
rCold   . . .      Faith    .    c - +0 buckler
rNeg    . . .      Spirit   .    v - +0 plate armour
rPois   .          Reflect  .    (helmet restricted)
rElec   .          Harm     .    f - +0 cloak
rCorr   .          Rampage  .    (no gloves)
Will    .....                    (no boots)
Stlth   ..........               (no amulet)
HPRegen 0.18/turn                (no ring)
MPRegen 0.10/turn                (no ring)

@: no status effects
A: horns 1, yellow scales 1, demonic guardian 1
a: no special abilities


You were on level 6 of the Dungeon.
You visited 1 branch of the dungeon, and saw 6 of its levels.

You collected 272 gold pieces.

Inventory:

Hand Weapons
 a - a +0 trident (weapon)
Armour
 b - a +1 scale mail
 c - a +0 buckler (worn)
 f - a +0 cloak (worn)
 v - a +0 plate armour (worn)
Jewellery
 h - an amulet of faith
 k - an amulet of guardian spirit
Wands
 d - a wand of digging (4)
 y - a wand of flame (11)
Scrolls
 g - a scroll of enchant armour
 i - a scroll of silence
 j - a scroll of brand weapon {unknown}
 l - 2 scrolls of identify
 m - 2 scrolls of amnesia
 p - 2 scrolls of teleportation
 t - a scroll of enchant weapon {unknown}
 u - a scroll of poison {unknown}
 w - 2 scrolls of fear
 x - a scroll of summoning {unknown}
Potions
 e - 4 potions of mutation
 n - a potion of attraction
 q - 4 potions of flight
 r - a potion of curing
 s - a potion of degeneration


   Skills:
 + Level 4.1 Fighting
 * Level 6.2 Polearms
 + Level 4.2 Armour
 + Level 0.7 Dodging
 + Level 0.4 Stealth
 + Level 3.2 Shields


You had 6 spell levels left.
You didn't know any spells.
Your spell library contained the following spells:

 Spells                   Type           Power      Damage    Failure   Level
 Beastly Appendage        Tmut           0%         N/A       100%        1
 Wereblood                Tmut           0%         N/A       100%        2
 Spider Form              Tmut/Pois      0%         N/A       100%        3
 Cause Fear               Hex            0%         N/A       100%        4
 Dragon Form              Tmut           0%         N/A       100%        7
 Dragon's Call            Summ           0%         N/A       100%        9


Dungeon Overview and Level Annotations

Branches:
Dungeon (6/15)
 Temple: D:4-7

Altars:
Fedhas


Innate Abilities, Weirdness & Mutations

You have a pair of small horns on your head.
You are partially covered in yellow scales. (AC +2)
A weak demonic guardian rushes to your aid.


Message History

You are too injured to fight recklessly!
You are too injured to fight recklessly!
You are too injured to fight recklessly!
You are too injured to fight recklessly!
You are too injured to fight recklessly!
You are too injured to fight recklessly!
You are too injured to fight recklessly!
You are too injured to fight recklessly!
You are too injured to fight recklessly!
You are too injured to fight recklessly!
You are too injured to fight recklessly!
You are too injured to fight recklessly!
Unknown command.
Okay, then.
You barely miss the gnoll.
The gnoll sergeant hits you from afar with a +1 spear of flaming.
The gnoll sergeant burns you. The gnoll hits you with a +0 whip.
* * * LOW HITPOINT WARNING * * *
A demonic guardian appears!
Found a silvery potion.
The gnoll sergeant hits you with a +1 spear of flaming.
* * * LOW HITPOINT WARNING * * *
The gnoll sergeant burns you.
* * * LOW HITPOINT WARNING * * *
The gnoll hits you but does no damage.
You see here a +0 whip.
Okay, then.
You hit the gnoll sergeant but do no damage.
The gnoll hits you but does no damage. You block the gnoll sergeant's attack.
Your white imp hits the gnoll but does no damage.
You hit the gnoll sergeant but do no damage.
The gnoll hits you but does no damage.
The gnoll sergeant hits you but does no damage.
Your white imp closely misses the gnoll.
You closely miss the gnoll sergeant. The gnoll sergeant blocks your attack.
The gnoll hits you but does no damage.
The gnoll sergeant hits you with a +1 spear of flaming!
* * * LOW HITPOINT WARNING * * *
The gnoll sergeant burns you.
You die...

.........# ..
#....$..# ...
#....†..# ...
#.#....<# ##.##
#.....##
##....##......##
.......##.)....##
........#.......#
.......@5$....##.#
......gg...........
......##......#..##
#..... .......####
..... #.....###
..... ......# ....
........ #!..
##...>...


You could see a gnoll sergeant, a gnoll (ally target) and a friendly white imp
(summoned).

Vanquished Creatures
  An ogre (D:5)
  A black bear (D:5)
  A necrophage (D:5)
  A howler monkey (D:4)
  4 orc priests
  A gnoll bouda (D:5)
  An iguana (D:5)
  3 orc wizards
  7 gnolls
  2 adders
  2 ufetubi
  2 worms
  3 dart slugs
  17 orcs
  6 endoplasms
  4 giant cockroaches
  11 goblins
  3 hobgoblins (D:1)
  9 jackals
  4 quokkas
  7 ball pythons
  5 bats
  7 frilled lizards
  A kobold (D:1)
  3 rats
106 creatures vanquished.

Vanquished Creatures (collateral kills)
  A bullfrog (D:6)
  An orc (D:4)
  An endoplasm (D:3)
  A kobold (D:3)
4 creatures vanquished.

Vanquished Creatures (others)
  A plant (D:3)
1 creature vanquished.

Grand Total: 111 creatures vanquished

Notes
Turn   | Place    | Note
-------+----------+-------------------------------------------
     0 | D:1      | SensoryNuts the Demonspawn Fighter began the quest for the
                  | Orb.
     0 | D:1      | Reached XP level 1. HP: 18/18 MP: 1/1
   224 | D:1      | Reached skill level 2 in Polearms
   308 | D:1      | Gained mutation: You have a pair of small horns on your
                  | head. [demonic ancestry]
   308 | D:1      | Reached XP level 2. HP: 24/24 MP: 2/2
   713 | D:1      | Gained mutation: A weak demonic guardian rushes to your
                  | aid. [demonic ancestry]
   713 | D:1      | Reached XP level 3. HP: 29/29 MP: 3/3
   876 | D:2      | Identified the +12 whip of Ciutsou {flame, rPois SInv}
  1813 | D:3      | Reached skill level 3 in Polearms
  2058 | D:3      | Found a faded altar of an unknown god.
  2089 | D:3      | Found a blossoming altar of Fedhas.
  2147 | D:3      | Gained mutation: You are partially covered in yellow
                  | scales. (AC +2) [demonic ancestry]
  2147 | D:3      | Reached XP level 4. HP: 35/35 MP: 4/4
  2702 | D:4      | Reached XP level 5. HP: 17/41 MP: 5/5
  3197 | D:4      | Reached skill level 4 in Polearms
  3730 | D:4      | Noticed an angel
  4221 | D:5      | Entered Level 5 of the Dungeon
  4256 | D:5      | Reached XP level 6. HP: 41/47 MP: 6/6
  4501 | D:5      | Reached skill level 5 in Polearms
  4652 | D:5      | Reached XP level 7. HP: 8/53 MP: 7/7
  5225 | D:5      | Reached skill level 6 in Polearms
  5695 | D:6      | HP: 2/54 [gnoll sergeant/+1 spear of flaming (9)]
  5695 | D:6      | Slain by a gnoll sergeant

Illustrated notes

Levels and vault maps discovered:
D:1:      lemuel_arrival_behind_the_door_small, layout_loops_ring, serial_glass,
          glass_columns_a, glass_columns_a, glass_columns_a, glass_columns_b,
          glass_columns_b, glass_columns_a, glass_columns_b, glass_columns_b,
          glass_columns_b, glass_columns_a, glass_columns_b, glass_columns_b,
          glass_columns_a, glass_columns_a
D:2:      layout_rooms
D:3:      layout_basic, fedhas_altar_fruit_tree,
          shapermc_ecumenical_altar_mp_ritualfount
D:4:      layout_basic, zin_angel
D:5:      layout_loops_ring, minivault_27, kennysheep_generic_room_14
D:6:      cheibrodos_steamvent, layout_cave_pools,
          lemuel_mausoleum_altar_yredelemnul, amcnicky_altar_gilded,
          hangedman_decor_slide_cut, uniq_crazy_yiuf_cottage

Skill      XL: |  1  2  3  4  5  6  7 |
---------------+----------------------+-----
Polearms       | 2 3 4 5 6 |  6.2
Armour         | 3 4 |  4.2
Shields        | 3 |  3.2
Fighting       | 4 |  4.1
Dodging        | |  0.7
Stealth        | |  0.4

Action                   |  1- 3 |  4- 6 |  7- 9 || total
-------------------------+-------+-------+-------++-------
Melee: Trident           |   156 |   184 |    69 ||   409
       Headbutt          |     9 |    20 |    14 ||    43
  Use: Scroll            |    12 |     2 |       ||    14
       Potion            |       |     1 |     1 ||     2
 Stab: Distracted        |       |       |     1 ||     1
Armor: Scale mail        |    73 |    91 |       ||   164
       Plate armour      |       |    25 |    36 ||    61
Dodge: Dodged            |    69 |    60 |    19 ||   148
Block: Buckler           |    36 |    38 |    12 ||    86

Table legend: (Time is in decaauts)
 A = Elapsed time spent in this place.
 B = Non-inter-level travel time spent in this place.
 C = Inter-level travel time spent in this place.
 D = Time resting spent in this place.
 E = Time spent auto-exploring this place.
 F = Levels seen in this place.
 G = Mean time per level.
                   A        B        C        D        E       F      G
               +--------+--------+--------+--------+--------+-----+--------+
         Total |   5759 |   5637 |    122 |    186 |   4541 |   6 |  959.8 |
       Dungeon |   5759 |   5637 |    122 |    186 |   4541 |   6 |  959.8 |
               +--------+--------+--------+--------+--------+-----+--------+

Top non-repeatable levels by time:
     D:4: 1754 daAuts
     D:5: 1396 daAuts
     D:2: 956 daAuts
     D:1: 824 daAuts
     D:3: 740 daAuts
     D:6: 87 daAuts
